 Dungeon Crawl Stone Soup version 0.31-a0-664-g902f515a81 (webtiles) character file.

Game seed: 4107075467576059327

242 AdnanSaban the Cudgeller (level 6, -1/38 HPs)
             Began as a Gargoyle Fighter on Sept 2, 2023.
             Slain by a gnoll
             ... wielding a +0 flail
             ... led by a gnoll bouda
              (5 damage)
             ... on level 3 of the Dungeon.
             The game lasted 00:03:13 (2852 turns).

AdnanSaban the Cudgeller (Gargoyle Fighter)         Turns: 2852, Time: 00:03:14

Health: -1/38      AC: 17    Str: 27    XL:     6   Next: 9%
Magic:  6/6        EV:  7    Int:  9    God:
Gold:   113        SH:  4    Dex:  9    Spells: 5/5 levels left

rFire   . . .        a - +0 flail
rCold   . . .        c - +0 buckler
rNeg    + . .        x - +0 plate armour
rPois   ∞            j - +0 helmet
rElec   +            (no cloak)
rCorr   .            (no gloves)
SInv    .            (no boots)
Will    .....        (no amulet) Stlth
                     m - +6 ring of strength
HPRegen 0.26/turn    (no ring)
MPRegen 0.10/turn

%: no passive effects
@: no status effects
A: sickness immunity, AC +4, negative energy resistance 1, electricity
resistance, torment resistance 1, petrification resistance
a: no special abilities


You were on level 3 of the Dungeon.
You visited 1 branch of the dungeon, and saw 4 of its levels.

You collected 113 gold pieces.

Inventory:

Hand Weapons
 a - a +0 flail (weapon)
Missiles
 b - 3 boomerangs
 p - 4 poisoned darts
Armour
 c - a +0 buckler (worn)
 j - a +0 helmet (worn)
 x - a +0 plate armour (worn)
Jewellery
 m - a +6 ring of strength (left hand)
Scrolls
 f - 3 scrolls of immolation {unknown}
 g - a scroll of teleportation {unknown}
 k - a scroll of silence {unknown}
 l - a scroll of enchant armour {unknown}
 o - 3 scrolls of identify {unknown}
 q - a scroll of revelation {unknown}
 s - 2 scrolls of amnesia {unknown}
 t - a scroll of fog {unknown}
 u - a scroll of butterflies {unknown}
 v - 2 scrolls of enchant weapon {unknown}
 y - a scroll of fear {unknown}
Potions
 d - a potion of might
 e - 3 potions of attraction {unknown}
 h - 2 potions of curing {unknown}
 i - 2 potions of mutation {unknown}
 n - a potion of resistance {unknown}
 r - a potion of haste {unknown}
 w - a potion of lignification {unknown}


   Skills:
 + Level 3.8 Fighting
 + Level 4.6 Maces & Flails
 + Level 4.2 Armour
 + Level 0.7 Dodging
 + Level 4.0 Shields


You had 5 spell levels left.
You didn't know any spells.
Your spell library contained the following spells:

 Spells                   Type           Power      Damage    Failure   Level
 Ensorcelled Hibernation  Hex/Ice        0%         N/A       100%        2
 Passwall                 Tmut/Erth      0%         N/A       100%        2
 Swiftness                Air            0%         N/A       100%        3


Dungeon Overview and Level Annotations

Branches:
Dungeon (4/15)
 Temple: D:4-7

Altars:
Xom
Yredelemnul

Annotations:
D:2 Sigmund


Innate Abilities, Weirdness & Mutations

You are immune to sickness and miasma.
Your stone body is resilient. (AC +4)
You are immune to poison.
You resist negative energy. (rN+)
You are resistant to electric shocks. (rElec)
You are resistant to unholy torment.
You are immune to petrification.


Message History

The gnoll bouda is heavily wounded.
You block the gnoll's attack. The adder bites you but does no damage.
You block the gnoll's attack. The gnoll hits you but does no damage.
The gnoll bouda hits you but does no damage.
You block the gnoll's attack. The gnoll barely misses you.
You sock the gnoll bouda!
You kill the gnoll bouda!
The adder closely misses you. The gnoll hits you but does no damage.
The gnoll hits you with a +0 flail!
A phantom comes into view.
The gnoll hits you from afar with a +0 halberd.
The adder bites you but does no damage. The gnoll hits you but does no damage.
The gnoll barely misses you.
You have reached level 6!
The gnoll attacks as it pursues you! The gnoll hits you with a +0 flail!
You block the gnoll's attack. The gnoll attacks as it pursues you!
The gnoll barely misses you. The gnoll attacks as it pursues you!
The gnoll hits you but does no damage.
The gnoll is no longer moving quickly.
The gnoll attacks as it pursues you! The gnoll barely misses you.
The gnoll attacks as it pursues you! The gnoll hits you with a +0 flail.
You block the gnoll's attack. The adder bites you but does no damage.
The gnoll is no longer moving quickly.
The gnoll attacks as it pursues you!
The gnoll hits you from afar with a +0 halberd.
The gnoll attacks as it pursues you! The gnoll barely misses you.
The gnoll attacks as it pursues you! The gnoll hits you but does no damage.
The gnoll is no longer moving quickly.
The gnoll attacks as it pursues you! You block the gnoll's attack.
The gnoll attacks as it pursues you! The gnoll barely misses you.
The gnoll attacks as it pursues you! The gnoll barely misses you.
The gnoll hits you with a +0 flail.
* * * LOW HITPOINT WARNING * * *
There is a stone staircase leading up here.
The gnoll hits you with a +0 flail.
* * * LOW HITPOINT WARNING * * *
You climb upwards.
There is a stone staircase leading down here.
You closely miss the gnoll. The gnoll hits you with a +0 flail.
You die...

##..##.....<..............#
#..###.(.........#..#####.##
######...#...^.......#..###.....
#......#.............#..........
#......##...........#####.......
#......####.........# ##......
######.# ##........## ##.....
#.# #..........# #####..... #.#
#.....@....# #......... #.#
#....g.....# #.........
#.###.<........# #.........
#..##..........# #.....##..
##.###........####.....##.#
#.###.................##.#
#..##.###########.........
##.#..# ###.....####..
#...########.............


You could see a gnoll.

Vanquished Creatures
  A hound (D:4)
  A gnoll bouda (D:4)
  A hound zombie (D:3)
  Robin (D:4)
  2 gnolls
  4 adders
  An adder zombie (D:3)
  A worm (D:3)
  3 dart slugs
  9 orcs
  6 bats
  5 endoplasms
  4 giant cockroaches
  13 goblins
  8 hobgoblins
  2 quokkas
  5 ball pythons
  2 ball python zombies (D:3)
  5 frilled lizards
  6 kobolds
  5 rats
  A butterfly (D:1)
86 creatures vanquished.

Notes
Turn   | Place    | Note
-------+----------+-------------------------------------------
     0 | D:1      | AdnanSaban the Gargoyle Fighter began the quest for the
                  | Orb.
     0 | D:1      | Reached XP level 1. HP: 14/14 MP: 1/1
    71 | D:1      | Reached XP level 2. HP: 19/19 MP: 2/2
   601 | D:1      | Reached XP level 3. HP: 20/23 MP: 3/3
  1065 | D:2      | Noticed Sigmund
  1377 | D:2      | Found a shimmering altar of Xom.
  1877 | D:3      | Reached XP level 4. HP: 26/28 MP: 4/4
  2058 | D:3      | Found a basalt altar of Yredelemnul.
  2364 | D:4      | Reached XP level 5. HP: 32/32 MP: 5/5
  2643 | D:4      | Noticed Robin
  2666 | D:4      | Killed Robin
  2834 | D:4      | Noticed a phantom
  2835 | D:4      | Reached XP level 6. HP: 20/38 MP: 6/6
  2852 | D:3      | Slain by a gnoll

Illustrated notes

Levels and vault maps discovered:
D:1:      spicycebolla_arrival_clurvy, layout_loops_corners, serial_bayou,
          serial_bayou_shore_a, serial_bayou_lagoon_a, serial_bayou_pond_a,
          serial_bayou_crossing, due_unseen_surprise
D:2:      layout_basic, basic_altar, uniq_sigmund
D:3:      layout_rooms, nicolae_yredelemnul_corpse_copse
D:4:      layout_rooms, minmay_temple_entry_wispy, kennysheep_small_square,
          uniq_robin

Skill      XL: |  1  2  3  4  5 |
---------------+----------------+-----
Maces & Flails | 4 |  4.6
Armour         | 4 |  4.2
Shields        | 4 |  4.0
Fighting       | |  3.8
Dodging        | |  0.7

Action                     |  1- 3 |  4- 6 || total
---------------------------+-------+-------++-------
  Melee: Flail             |   137 |   159 ||   296
 Armour: Scale mail        |   117 |    51 ||   168
         Chain mail        |       |    48 ||    48
         Plate armour      |       |    66 ||    66
  Dodge: Dodged            |    71 |    98 ||   169
  Block: Buckler           |    20 |    59 ||    79

Table legend: (Time is in decaauts)
 A = Elapsed time spent in this place.
 B = Non-inter-level travel time spent in this place.
 C = Inter-level travel time spent in this place.
 D = Time resting spent in this place.
 E = Time spent auto-exploring this place.
 F = Levels seen in this place.
 G = Mean time per level.
                   A        B        C        D        E       F      G
               +--------+--------+--------+--------+--------+-----+--------+
         Total |   2962 |   2895 |     67 |     52 |   2097 |   4 |  740.5 |
       Dungeon |   2962 |   2895 |     67 |     52 |   2097 |   4 |  740.5 |
               +--------+--------+--------+--------+--------+-----+--------+

Top non-repeatable levels by time:
     D:1: 1195 daAuts
     D:2: 641 daAuts
     D:3: 596 daAuts
     D:4: 529 daAuts
